 Dungeon Crawl Stone Soup version 0.28-a0-533-g9f97627e2a (webtiles) character file.

Game seed: 8049383837989926714

254 demibob the Slasher (level 5, -1/41 HPs)
             Began as a Demonspawn Monk on Sept 25, 2021.
             Was an Elder of Lugonu.
             Slain by an orc (3 damage)
             ... on level 4 of the Dungeon.
             The game lasted 00:05:59 (4469 turns).

demibob the Slasher (Demonspawn Monk)               Turns: 4469, Time: 00:06:00

Health: -1/41      AC:  3    Str: 13    XL:     5   Next: 90%
Magic:  8/8        EV: 12    Int: 14    God:    Lugonu [****..]
Gold:   93         SH:  0    Dex: 15    Spells: 1/4 levels left

rFire   . . .      SeeInvis .   a - +0 falchion
rCold   . . .      Faith    .   (no shield)
rNeg    . . .      Spirit   .   b - +0 robe
rPois   .          Reflect  .   j - +1 hat of the Undertaker {Int+3}
rElec   .          Harm     .   (no cloak)
rCorr   .          Rampage  .   (no gloves)
Will    .....                   (no boots)
Stlth   ++........              (no amulet)
HPRegen 0.13/turn               (no ring)
MPRegen 0.11/turn               (no ring)

@: lethally poisoned (-1 -> -11)
A: horns 2, spiny 1
a: Renounce Religion, Depart the Abyss, Bend Space, Banish, Corrupt


You were on level 4 of the Dungeon.
You worshipped Lugonu.
Lugonu was greatly pleased with you.
You visited 1 branch of the dungeon, and saw 4 of its levels.

You collected 93 gold pieces.


Innate Abilities, Weirdness & Mutations

You have a pair of horns on your head.
You are partially covered in sharp spines.


   Skills:
 - Level 3.0 Fighting
 + Level 4.8 Long Blades
 - Level 1.1 Throwing
 - Level 2.6 Dodging
 - Level 1.7 Stealth
 + Level 4.6 Invocations


You had one spell level left.
You knew the following spells:

 Your Spells              Type           Power      Damage    Failure   Level
o - Ozocubu's Armour      Ice            0%         N/A       65%         3

Your spell library contained the following spells:

 Spells                   Type           Power      Damage    Failure   Level
 Ozocubu's Refrigeration  Ice            0%         4d5       100%        7

Inventory:

Hand Weapons
 a - a +0 falchion (weapon)
Missiles
 d - 6 atropa-tipped darts
 h - 20 poisoned darts (quivered)
 k - 4 boomerangs of dispersal {=f}
Armour
 b - a +0 robe (worn)
 j - the +1 hat of the Undertaker (worn) {Int+3}
   (You acquired it on level 3 of the Dungeon)

   Int:       It affects your intelligence (+3).
Jewellery
 e - an amulet of regeneration
Scrolls
 c - a scroll of teleportation {@r2}
Potions
 g - a potion of cancellation
 i - a potion of flight {unknown}
 n - a potion of heal wounds {unknown}
 p - a potion of haste {@q3}

Dungeon Overview and Level Annotations

Branches:
Dungeon (4/15)
 Temple: D:4-7

Altars:
Cheibriados
The Shining One
Lugonu

*....## ############....###
#...#...#..#.#....####
#...#................#
........#......#.....#****
.....#..##...###.....#.,,*
.....##.#.....##.......,,*
............†....#,**,,,,*
.........##.....@#,,,,,,***
...............s##,,,,,,*,****
.....#.........o...,*,,,*,*,,*
).)..###..........o,,,,,,,,,,*
.†...##.............s,,,,,,,,*
##.#.................,,,,,,***
####.................,,,,,**
#...............,,,,,,,,,***
#...###..##.,,,,,*,,,,,,,,,***


You could see a scorpion and an orc.


Message History

The orc priest is heavily wounded.
The orc priest mumbles some strange prayers to Beogh against you.
Beogh smites you!
* * * LOW HITPOINT WARNING * * *
You barely miss the orc priest. Your headbutt misses the orc priest.
The orc priest is heavily wounded.
The orc priest closely misses you.
You slash the orc priest! You headbutt the orc priest.
You kill the orc priest!
Lugonu accepts your kill. The scorpion is struck by your spines.
The scorpion stings you.
* * * LOW HITPOINT WARNING * * *
You hit the scorpion but do no damage.
The scorpion is lightly wounded.
An orc comes into view. It is wielding a +0 trident.
The scorpion misses you.
You feel better.
The orc hits you from afar with a +0 trident.
* * * LOW HITPOINT WARNING * * *
The scorpion stings you!
* * * LOW HITPOINT WARNING * * *
You are lethally poisoned!
The scorpion poisons you!
You hit the scorpion.
The scorpion is moderately wounded.
* * * LOW HITPOINT WARNING * * *
You feel very sick. The scorpion closely misses you.
The orc hits you from afar with a +0 trident.
You die...

Skill      XL: |  1  2  3  4  5 |
---------------+----------------+-----
Long Blades    | 3 4 |  4.8
Throwing       | 1 |  1.1
Invocations    | 2 3 4 |  4.6
Fighting       | |  3.0
Dodging        | |  2.6
Stealth        | |  1.7

Action                   |  1- 3 |  4- 6 || total
-------------------------+-------+-------++-------
Melee: Falchion          |   134 |    79 ||   213
       Headbutt          |    23 |    20 ||    43
  Use: Scroll            |       |     8 ||     8
       Potion            |       |     4 ||     4
 Stab: Sleeping          |     4 |     4 ||     8
Armor: Robe              |    20 |    11 ||    31
Dodge: Dodged            |    90 |    37 ||   127

Levels and vault maps discovered:
D:1:      matt_arrival_grand_opening, layout_loops_corners,
          chequers_ecumenical_altar_island, minmay_door_square,
          minmay_heptomino_d4
D:2:      layout_basic, guppyfry_early_lair_pool
D:3:      layout_loops_ring, marbit_many_paths, tso_oasis_becter,
          serial_bayou_crossing
D:4:      layout_cave_pools

Notes
Turn   | Place    | Note
-------+----------+-------------------------------------------
     0 | D:1      | demibob the Demonspawn Monk began the quest for the Orb.
     0 | D:1      | Reached XP level 1. HP: 18/18 MP: 1/1
    43 | D:1      | Reached skill level 3 in Long Blades
   119 | D:1      | Gained mutation: You have a pair of small horns on your
                  | head. [demonic ancestry]
   119 | D:1      | Reached XP level 2. HP: 23/24 MP: 2/2
   142 | D:1      | Found a faded altar of an unknown god.
   174 | D:1      | Became a worshipper of Lugonu the Unformed
   174 | D:1      | Reached * piety under Lugonu
   174 | D:1      | Reached ** piety under Lugonu
   174 | D:1      | Reached *** piety under Lugonu
   621 | D:1      | Reached skill level 1 in Throwing
   929 | D:1      | Gained mutation: You have a pair of horns on your head.
                  | [demonic ancestry]
   929 | D:1      | Reached XP level 3. HP: 26/29 MP: 3/3
  1243 | D:1      | Reached skill level 1 in Invocations
  2307 | D:2      | Reached skill level 2 in Invocations
  2308 | D:2      | Reached **** piety under Lugonu
  2537 | D:2      | Reached XP level 4. HP: 35/35 MP: 5/5
  2974 | D:3      | Reached skill level 4 in Long Blades
  3361 | D:3      | Found a snail-covered altar of Cheibriados.
  3602 | D:3      | Reached skill level 3 in Invocations
  3811 | D:3      | Identified a scroll of acquirement
  3811 | D:3      | Acquired the +1 hat of the Undertaker {Int+3}
  3822 | D:3      | Learned a level 3 spell: Ozocubu's Armour
  3991 | D:4      | Gained mutation: You are partially covered in sharp spines.
                  | [demonic ancestry]
  3991 | D:4      | Reached XP level 5. HP: 23/41 MP: 7/7
  3998 | D:4      | HP: 4/41 [orc wizard (3)]
  4292 | D:4      | Reached skill level 4 in Invocations
  4469 | D:4      | HP: 2/41 [poisoned by a scorpion]
  4469 | D:4      | Slain by an orc

Vanquished Creatures
  An orc priest (D:4)
  A bullfrog zombie (D:4)
  2 orc wizards (D:4)
  5 adders
  2 adder skeletons (D:4)
  A worm (D:2)
  6 dart slugs
  3 orcs
  5 ball pythons
  4 endoplasms
  3 giant cockroaches
  11 goblins
  9 hobgoblins
  3 jackals (D:1)
  10 kobolds
  2 quokkas (D:2)
  5 bats
  2 frilled lizards (D:2)
  A rat (D:2)
76 creatures vanquished.

Vanquished Creatures (others)
  4 plants
4 creatures vanquished.

Grand Total: 80 creatures vanquished

Table legend: (Time is in decaauts)
 A = Elapsed time spent in this place.
 B = Non-inter-level travel time spent in this place.
 C = Inter-level travel time spent in this place.
 D = Time resting spent in this place.
 E = Time spent auto-exploring this place.
 F = Levels seen in this place.
 G = Mean time per level.
                   A        B        C        D        E       F      G
               +--------+--------+--------+--------+--------+-----+--------+
         Total |   4513 |   4414 |     99 |   1187 |   2638 |   4 | 1128.2 |
       Dungeon |   4513 |   4414 |     99 |   1187 |   2638 |   4 | 1128.2 |
               +--------+--------+--------+--------+--------+-----+--------+

Top non-repeatable levels by time:
     D:1: 1548 daAuts
     D:2: 1343 daAuts
     D:3: 1029 daAuts
     D:4: 591 daAuts

Table legend:
 A = Non-vault XP
 B = Vault XP
 C = Vault XP percentage of total XP
 D = Non-vault monster count
 E = Vault monster count
 F = Vault count percentage of total count
                 A         B        C        D         E       F
            +---------+---------+-------+---------+---------+-------
      Total |     358 |       5 |   1.4 |      74 |       2 |   2.6
            +---------+---------+-------+---------+---------+-------
        D:1 |      53 |       2 |   3.6 |      27 |       1 |   3.6
        D:2 |      58 |       0 |   0.0 |      24 |       0 |   0.0
        D:3 |      38 |       3 |   7.3 |       8 |       1 |  11.1
        D:4 |     209 |       0 |   0.0 |      15 |       0 |   0.0
            +---------+---------+-------+---------+---------+-------
